cohdb
Replays
Latest Replays
All Replays
Popular Replays
Top Player Replays
Match Explorer
How It Works
Community
CoH3 Stats
Reddit
Sign in to upload your games and track your stats! →
Sign in with Steam
Match 45358344
Unlisted
Match 45358344
Overview
Messages
Build Orders
End
Kettenkrad Recon Vehicle
Construct Infanterie Kompanie
MG 42 Machine Gun Team
Selects Italian Coastal Battlegroup
Selects Coastal Reserves
Coastal Reserve
Coastal Reserve
Coastal Reserve
Selects Artillery Officer
Artillery Officer
Medical Bunker
Construct Panzergrenadier Kompanie
Support Elements
Coastal Reserve
StuG III G Assault Gun
Construct Luftwaffe Kompanie
Flak 30 Anti-aircraft Gun Team
Selects Obice da 210/22 Artillery Emplacement
Amon Sapkowski
BanditoDescondanito
Kray-Tos
DarkLoki
MadKritik
Midzykami
0
0
Comments
sign in to comment!
No comments posted yet!